 Dungeon Crawl Stone Soup version 0.23.2-1-ga50397a6bc (webtiles) character file.

Game seed: 17787531098713048974

10335 Menchi the Peltast (level 11, -9/82 HPs)
             Began as a Minotaur Fighter on May 19, 2019.
             Was an Initiate of Gozag.
             Mangled by a five-headed hydra (11 damage)
             ... on level 10 of the Dungeon.
             The game lasted 00:22:15 (9730 turns).

Menchi the Peltast (Minotaur Fighter)               Turns: 9730, Time: 00:22:15

Health: -9/82      AC: 14    Str: 22    XL:     11   Next: 34%
Magic:  10/10      EV: 16    Int:  5    God:    Gozag
Gold:   2250       SH: 14    Dex: 12    Spells: 10/10 levels left

rFire    + . .     SeeInvis +   y - +4 broad axe (freeze)
rCold    + . .     Gourm    .   c - +0 shield
rNeg     . . .     Faith    .   J - +0 ring mail
rPois    .         Spirit   .   (helmet restricted)
rElec    .         Reflect  .   z - scarf {rC+ rF+}
rCorr    .         Harm     .   (no gloves)
MR       .....     Clarity  +   e - +2 pair of boots
Stlth    +.........             (no amulet)
HPRegen  0.23/turn              m - ring of see invisible
MPRegen  0.12/turn              u - +5 ring of protection

@: about to teleport, lightly drained
A: retaliatory headbutt, horns 2, clarity, mutation resistance 1
a: Potion Petition, Call Merchant, Bribe Branch, Renounce Religion


You were on level 10 of the Dungeon.
You worshipped Gozag.
Gozag was most pleased with you.
You were not hungry.

You visited 2 branches of the dungeon, and saw 11 of its levels.
You also visited: Ossuary.

You collected 2295 gold pieces.
You paid 45 gold pieces to Gozag.

Inventory:

Hand Weapons
 y - a +4 broad axe of freezing (weapon)
Armour
 c - a +0 shield (worn)
 e - a +2 pair of boots (worn)
 z - a scarf of resistance (worn)
 J - a +0 ring mail (worn)
Jewellery
 m - a ring of see invisible (left hand)
 u - a +5 ring of protection (right hand)
Wands
 h - a wand of flame (8)
 w - a wand of acid (4)
 D - a wand of random effects (21)
Scrolls
 d - 2 scrolls of magic mapping
 g - 7 scrolls of remove curse
 i - 7 scrolls of teleportation
 l - a scroll of enchant armour
 q - 3 scrolls of identify
 r - 2 scrolls of amnesia
 B - 2 scrolls of fog
 E - 2 scrolls of blinking
 G - 2 scrolls of fear
Potions
 k - 4 potions of degeneration
 n - 3 potions of curing
 o - 4 potions of lignification
 p - 5 potions of mutation
 s - 4 potions of flight {unknown}
 t - 2 potions of might
 v - 3 potions of agility {unknown}
 x - 4 potions of heal wounds
 A - a potion of berserk rage {unknown}
 C - a potion of magic {unknown}
 F - a potion of ambrosia {unknown}
 H - a potion of resistance {unknown}
Comestibles
 f - 15 rations


   Skills:
 - Level 3.6(3.4) Fighting
 * Level 9.3(9.1) Axes
 - Level 5.6(5.4) Armour
 + Level 10.1(9.9) Dodging
 - Level 15.0(14.7) Shields


You had 10 spell levels left.
You didn't know any spells.
Your spell library contained the following spells:

 Spells                   Type           Power        Failure   Level  Hunger
 Animate Skeleton         Necr           N/A          65%         1    ##.....
 Apportation              Tloc           #.....       65%         1    ##.....
 Confusing Touch          Hex            #.....       65%         1    ##.....
 Corona                   Hex            #......      65%         1    ##.....
 Summon Small Mammal      Summ           #...         65%         1    ##.....
 Ensorcelled Hibernation  Hex/Ice        #.....       78%         2    ###....
 Confuse                  Hex            #.......     95%         3    ####...
 Dazzling Spray           Conj/Hex       #.....       95%         3    ####...
 Tukima's Dance           Hex            #.......     95%         3    ####...


Dungeon Overview and Level Annotations

Branches:
Dungeon (10/15)            Temple (0/1) D:6             Orc (1/2) D:9
   Lair: D:8-11

Altars:
Elyvilon
Gozag
Kikubaaqudgha
Okawaru
Qazlal
Ru
Vehumet
Wu Jian
Yredelemnul
The Shining One


Innate Abilities, Weirdness & Mutations

You reflexively headbutt those who attack you in melee.
You have a pair of horns on your head.
You possess an exceptional clarity of mind.
You are somewhat resistant to further mutation.


Message History

* * * LOW HITPOINT WARNING * * *
You block the five-headed hydra's attack.
The five-headed hydra closely misses you.
The five-headed hydra barely misses you.
You see here a +2 falchion of flaming.
Wield which item (- for none, * to show all)? (? for menu, Esc to quit)
Okay, then.
As you read the scroll of teleportation, it crumbles to dust.
You feel strangely unstable. The five-headed hydra misses you.
You furiously retaliate!
You headbutt the five-headed hydra.
The five-headed hydra closely misses you.
The five-headed hydra bites you.
* * * LOW HITPOINT WARNING * * *
You block the five-headed hydra's attack.
The five-headed hydra bites you.
* * * LOW HITPOINT WARNING * * *
You block the five-headed hydra's attack.
The five-headed hydra bites you!
You die...
Your body crumbles into a pile of gold.

#..# #..# #..#
#..# #..# #..#
#..##############
#.....#.)'(P≈PP#
#..####%.#≈≈≈≈P#
#..# #+##P≈≈)≈#
#..# #..#....K###
#..# #..'..(.≈D.#
...# #..'..P..#@#
...# #..'....≈#.#
...# #..#.....#.#
...# ##########.#
...# #..# #...#
...# #..# #..##
...####..# #..#
.........# #..#
.........# #..#


You could see a five-headed hydra and a big kobold.

Vanquished Creatures
  Urug (D:10)
  Pikel (D:6)
  2 centaur skeletons
  4 trolls (D:9)
  A hornet (D:10)
  2 dream sheep (D:10)
  A hippogriff (D:10)
  3 wraiths
  Eustachio (D:5)
  11 yaks
  Menkaure (D:7)
  2 water moccasins
  An orc warrior (D:6)
  2 sky beasts
  A phantom (D:6)
  A black bear (D:10)
  An ice beast (D:5)
  10 ogres
  7 centaurs
  3 big kobolds
  6 bullfrogs
  A wyvern zombie (D:8)
  2 scorpions
  6 killer bees (D:9)
  2 wights (Ossuary)
  6 howler monkeys
  7 crimson imps
  A centaur zombie (D:5)
  2 quasits
  7 hounds
  4 jellies
  4 orc wizards
  9 orc priests
  3 bullfrog zombies
  Jessica (D:2)
  Terence (D:2)
  10 worker ants
  A hound zombie (D:7)
  A hound skeleton (D:7)
  A howler monkey zombie (D:5)
  4 gnolls (D:7)
  A howler monkey skeleton (D:7)
  10 adders
  A shadow imp (D:6)
  An ooze (D:6)
  2 adder zombies
  An adder skeleton (D:4)
  2 worms (D:2)
  3 dart slugs
  4 leopard geckos
  28 orcs
  2 ball pythons (D:3)
  10 bats
  6 giant cockroaches
  7 goblins
  7 hobgoblins
  11 jackals
  7 quokkas
  5 frilled lizards
  4 hobgoblin skeletons (Ossuary)
  15 kobolds
  A kobold zombie (Ossuary)
  An orc skeleton (Ossuary)
  5 rats
  2 plants
271 creatures vanquished.

Vanquished Creatures (others)
  2 slaves (D:6)
  A centaur (D:6)
  A plant (D:1)
4 creatures vanquished.

Grand Total: 275 creatures vanquished

Notes
Turn   | Place    | Note
-------+----------+-------------------------------------------
     0 | D:1      | Menchi the Minotaur Fighter began the quest for the Orb.
     0 | D:1      | Reached XP level 1. HP: 19/19 MP: 0/0
   253 | D:1      | Reached XP level 2. HP: 26/26 MP: 1/1
   256 | D:1      | Reached skill level 1 in Dodging
   820 | D:2      | Reached XP level 3. HP: 24/31 MP: 2/2
  1055 | D:2      | Noticed Jessica
  1064 | D:2      | Killed Jessica
  1064 | D:2      | Reached skill level 4 in Shields
  1109 | D:2      | Reached XP level 4. HP: 37/39 MP: 3/3
  1139 | D:2      | Noticed Terence
  1143 | D:2      | Killed Terence
  1296 | D:2      | Found an opulent altar of Gozag.
  1473 | D:2      | Became a worshipper of Gozag Ym Sagoz the Greedy
  1800 | D:3      | Found an iron altar of Okawaru.
  1814 | D:3      | Reached XP level 5. HP: 42/45 MP: 4/4
  2024 | D:3      | Reached skill level 5 in Armour
  2553 | D:4      | Identified the +1 ring mail "Xeevacs" {Str+3}
  2586 | D:4      | Reached XP level 6. HP: 20/51 MP: 5/5
  2733 | D:4      | Found an ornate altar of the Wu Jian Council.
  3003 | D:5      | Entered Level 5 of the Dungeon
  3052 | D:5      | Noticed an ice beast
  3055 | D:5      | Reached skill level 5 in Shields
  3062 | D:5      | Killed an ice beast
  3085 | D:5      | Noticed a sky beast
  3097 | D:5      | Reached XP level 7. HP: 48/57 MP: 6/6
  3105 | D:5      | Reached skill level 5 in Dodging
  3113 | D:5      | Reached skill level 6 in Shields
  3248 | D:5      | Found a sand-covered staircase.
  3252 | Ossuary  | Entered an ossuary
  3428 | Ossuary  | Reached skill level 5 in Axes
  3463 | Ossuary  | Noticed a flying skull
  3463 | Ossuary  | Noticed a wraith
  3474 | Ossuary  | Noticed a flying skull
  3496 | Ossuary  | Noticed a flying skull
  3504 | Ossuary  | Noticed a wraith
  3520 | Ossuary  | Killed a wraith
  3700 | Ossuary  | Noticed a flying skull
  3709 | Ossuary  | Noticed a wraith
  3715 | Ossuary  | Killed a wraith
  3715 | Ossuary  | Reached skill level 7 in Shields
  3715 | Ossuary  | Reached XP level 8. HP: 59/64 MP: 7/7
  3861 | Ossuary  | Noticed a flying skull
  4158 | D:5      | Noticed Eustachio
  4166 | D:5      | Killed Eustachio
  4166 | D:5      | Reached skill level 8 in Shields
  4382 | D:6      | Found a staircase to the Ecumenical Temple.
  4624 | D:6      | Reached XP level 9. HP: 63/70 MP: 8/8
  4639 | D:6      | Reached skill level 9 in Shields
  4662 | D:6      | Noticed Pikel
  4679 | D:6      | Killed Pikel
  4937 | D:6      | Found a white marble altar of Elyvilon.
  5052 | D:6      | Found a stormy altar of Qazlal.
  5052 | D:6      | Found a sacrificial altar of Ru.
  5452 | D:6      | Found a basalt altar of Yredelemnul.
  5474 | D:6      | Found a radiant altar of Vehumet.
  5519 | D:7      | Noticed Menkaure
  5524 | D:7      | Killed Menkaure
  5524 | D:7      | Reached skill level 10 in Shields
  6619 | D:7      | Reached XP level 10. HP: 77/77 MP: 9/9
  6710 | D:8      | Found a glowing golden altar of the Shining One.
  6809 | D:8      | Reached skill level 11 in Shields
  6903 | D:8      | Found an ancient bone altar of Kikubaaqudgha.
  7559 | D:8      | Gained mutation: You possess an exceptional clarity of
                  | mind. [potion of mutation]
  7559 | D:8      | Gained mutation: You are somewhat resistant to further
                  | mutation. [potion of mutation]
  7697 | D:9      | Reached skill level 12 in Shields
  7875 | D:9      | Found a staircase to the Orcish Mines.
  8143 | D:9      | Reached skill level 13 in Shields
  8366 | D:9      | Reached skill level 14 in Shields
  8773 | Orc:1    | Entered Level 1 of the Orcish Mines
  8993 | D:10     | Entered Level 10 of the Dungeon
  9032 | D:10     | Noticed Urug
  9048 | D:10     | Killed Urug
  9048 | D:10     | Reached XP level 11. HP: 69/82 MP: 10/10
  9445 | D:10     | Reached skill level 15 in Shields
  9675 | D:10     | Reached skill level 10 in Dodging
  9718 | D:10     | Noticed a three-headed hydra
  9727 | D:10     | HP: 2/82 [five-headed hydra (5)]
  9730 | D:10     | Mangled by a five-headed hydra

Skill      XL: |  1  2  3  4  5  6  7  8  9 10 11 |
---------------+----------------------------------+-----
Dodging        | 1 2 3 4 6 7 9 10 | 10.1
Armour         | 4 5 |  5.6
Axes           | 3 4 5 6 8 9 |  9.3
Shields        | 4 5 7 8 10 14 15 | 15.0
Fighting       | |  3.6

Action                   |  1- 3 |  4- 6 |  7- 9 | 10-12 || total
-------------------------+-------+-------+-------+-------++-------
Melee: Whip              |    85 |   144 |   281 |    99 ||   609
       War axe           |     2 |       |       |    99 ||   101
       Headbutt          |    15 |    20 |    55 |    66 ||   156
       Broad axe         |       |       |       |    84 ||    84
Evoke: Wand              |       |       |       |     4 ||     4
  Use: Scroll            |       |    12 |     7 |     7 ||    26
       Potion            |       |     1 |       |     6 ||     7
  Eat: Chunk             |     1 |     1 |       |       ||     2
       Ration            |       |     2 |     3 |     3 ||     8
Armor: Scale mail        |    44 |    64 |    92 |    58 ||   258
       Ring mail         |       |       |       |    22 ||    22
Dodge: Dodged            |    50 |    88 |   147 |   142 ||   427
Block: Shield            |       |       |     6 |   195 ||   201
